 Dungeon Crawl Stone Soup version 0.24-a0-181-gd121a6d (webtiles) character file.

Game seed: 9501383501559781079

14746 galech the Cleaver (level 11, -4/86 HPs)
             Began as a Demonspawn Fighter on Mar 14, 2019.
             Was a High Priest of Okawaru.
             Slain by Jorgrun
             ... wielding a +0 quarterstaff of crushing
              (12 damage)
             ... on level 11 of the Dungeon.
             The game lasted 00:17:14 (14068 turns).

galech the Cleaver (Demonspawn Fighter)            Turns: 14068, Time: 00:17:15

Health: -4/86      AC: 15    Str: 16    XL:     11   Next: 92%
Magic:  0/11       EV: 10    Int:  9    God:    Okawaru [*****.]
Gold:   909        SH: 11    Dex: 17    Spells: 10/10 levels left

rFire    + . .     SeeInvis +   a - +0 war axe
rCold    + . .     Gourm    .   c - +0 shield
rNeg     + . .     Faith    .   d - +1 scale mail {rC+}
rPois    .         Spirit   +   i - +0 helmet (curse)
rElec    .         Reflect  .   L - +2 cloak
rCorr    .         Harm     .   (no gloves)
MR       .....                  S - +1 pair of boots {run}
Stlth    +.........             (no amulet)
HPRegen  0.24/turn              k - ring of see invisible
MPRegen  0.24/turn              n - ring of positive energy

@: grasped by roots, constricted, quick
A: hooves 2, repulsion field 1, fire resistance 1, magic shield, magic
regeneration
a: Heroism, Finesse, Renounce Religion


You were on level 11 of the Dungeon.
You worshipped Okawaru.
Okawaru was extremely pleased with you.
You were not hungry.

You visited 3 branches of the dungeon, and saw 13 of its levels.

You collected 909 gold pieces.

Inventory:

Hand Weapons
 a - a +0 war axe (weapon)
 b - a +0 spear of flaming
 N - the +8 dire flail of Cruel Justice {venom, +Rage rN+}
   (Okawaru gifted it to you on level 8 of the Dungeon)

   It poisons the flesh of those it strikes.
   It protects you from negative energy.
   It lets you go berserk.
Armour
 c - a +0 shield (worn)
 d - a +1 scale mail of cold resistance (worn)
 e - a scarf of cloud immunity
 i - a cursed +0 helmet (worn)
 q - a +0 chain mail
 L - a +2 cloak (worn)
 P - a +0 leather armour of poison resistance
 S - a +1 pair of boots of running (worn)
Jewellery
 k - a ring of see invisible (left hand)
 n - a ring of positive energy (right hand)
Wands
 u - a wand of iceblast (9)
 v - a wand of acid (17)
 y - a wand of scattershot (3)
 G - a wand of random effects (30)
 O - a wand of polymorph (8)
 R - a wand of enslavement (6)
 U - a wand of digging (3)
Scrolls
 h - 4 scrolls of teleportation
 l - 3 scrolls of blinking
 m - a scroll of enchant weapon
 p - a scroll of noise
 s - 5 scrolls of remove curse
 t - 3 scrolls of amnesia
 A - 5 scrolls of enchant armour
 C - a scroll of random uselessness
 D - 2 scrolls of summoning {unknown}
 E - 3 scrolls of fear
 J - 3 scrolls of immolation
 Q - a scroll of identify
Potions
 g - a potion of flight
 j - 2 potions of brilliance
 o - a potion of haste
 w - a potion of curing
 x - 2 potions of magic {unknown}
 z - 3 potions of degeneration {unknown}
 B - a potion of cancellation {unknown}
 F - a potion of lignification {unknown}
 H - a potion of agility {unknown}
 I - a potion of ambrosia {unknown}
 K - a potion of might
 M - a potion of mutation {unknown}
Comestibles
 f - 12 rations


   Skills:
 + Level 8.1 Fighting
 + Level 12.0 Axes
 + Level 7.2 Armour
 + Level 4.4 Dodging
 + Level 1.0 Stealth
 + Level 8.2 Shields
 + Level 1.2 Invocations


You had 10 spell levels left.
You didn't know any spells.
Your spell library contained the following spells:

 Spells                   Type           Power        Failure   Level  Hunger
 Animate Skeleton         Necr           N/A          97%         1    ##.....
 Beastly Appendage        Tmut           #.....       97%         1    ##.....
 Corona                   Hex            #......      97%         1    ##.....
 Corpse Rot               Necr           N/A          99%         2    ###....
 Slow                     Hex            #.......     99%         2    ###....
 Sticks to Snakes         Tmut           #.......     99%         2    ###....
 Sublimation of Blood     Necr           #.........   99%         2    ###....
 Inner Flame              Hex/Fire       #.......     100%        3    ####...
 Portal Projectile        Hex/Tloc       #.....       100%        3    ####...
 Spider Form              Tmut/Pois      #.........   100%        3    ####...
 Cause Fear               Hex            #.........   100%        4    #####..
 Ice Form                 Ice/Tmut       #.......     100%        4    #####..
 Leda's Liquefaction      Hex/Erth       #.........   100%        4    #####..
 Blade Hands              Tmut           #.........   100%        5    ######.
 Bolt of Magma            Conj/Fire/Erth #.........   100%        5    ######.
 Metabolic Englaciation   Hex/Ice        #.........   100%        5    ######.
 Bolt of Cold             Conj/Ice       #.........   100%        6    #######
 Freezing Cloud           Conj/Ice/Air   #.........   100%        6    #######
 Ozocubu's Refrigeration  Ice            #.........   100%        6    #######
 Simulacrum               Ice/Necr       #.........   100%        6    #######
 Shatter                  Erth           #.........   100%        9    #######


Dungeon Overview and Level Annotations

Branches:
Dungeon (11/15)            Temple (1/1) D:5            Lair (0/6) D:11
    Orc (1/2) D:11

Altars:
Ashenzari
Cheibriados
Dithmenos
Elyvilon
Fedhas
Gozag
Hepliaklqana
Kikubaaqudgha
Makhleb
Nemelex Xobeh
Okawaru
Qazlal
Ru
Sif Muna
Trog
Uskayaw
Vehumet
Wu Jian
Xom
Yredelemnul
Zin
The Shining One

Shops:
D:7 ?   D:10 (

Annotations:
D:11 exclusion: oklob plant, Jorgrun


Innate Abilities, Weirdness & Mutations

You have hoof-like feet.
You are surrounded by a mild repulsion field. (EV +2)
Your flesh is heat resistant. (rF+)
When hurt, damage is shared between your health and your magic reserves.
You regenerate magic rapidly.


Message History

As you read the scroll of blinking, it crumbles to dust.
You block Jorgrun's attack.
* * * LOW HITPOINT WARNING * * *
The grasping roots constrict you.
The orc priest mumbles some strange prayers to Beogh against you.
You are unaffected.
Okay, then.
You feel much better. Jorgrun misses you.
* * * LOW HITPOINT WARNING * * *
The grasping roots constrict you!
The orc priest calls down the wrath of Beogh upon you.
You struggle to resist.
You feel much better.
Jorgrun hits you with a +0 quarterstaff of crushing!
* * * LOW HITPOINT WARNING * * *
x3 The grasping roots constrict you.
You block the orc priest's attack.
You feel better.
Jorgrun hits you with a +0 quarterstaff of crushing!
* * * LOW HITPOINT WARNING * * *
x2 You die...

#...........#...(.......
#...........#...........
#..######...#...........
#...........'...........
#...........#######.....
#...#######.#######.....
#...#8...8#.#...........
#...#...[.#.#....#######
#...#..@o)'.#....#######
#...#.[g).#.#....##.....
#...#8...8#.#....##.....
#...#######.#....##.....
#....#...#.....[.##.....
#........###...#######..
#.......####..#...≈...#.
#.#####.#.......#...#...
#.# #[#......##..P##..


You could see Jorgrun and an orc priest.

Vanquished Creatures
  2 two-headed ogres
  Sonja (D:10)
  An unseen horror (D:10)
  An orc knight (D:11)
  The ghost of p0werm0de the Chopper, a novice DsSk of Cheibriados (D:7)
  An ugly thing (D:11)
  Joseph (D:10)
  Maurice (D:10)
  A gargoyle (D:10)
  3 trolls
  3 hippogriffs
  4 wyverns
  Eustachio (D:5)
  Sigmund (D:5)
  6 yaks (D:10)
  A hungry ghost (D:10)
  Grum (D:10)
  3 wargs
  Edmund (D:4)
  A water moccasin (D:11)
  An eye of draining (D:10)
  2 black bears
  2 sky beasts (D:10)
  An ice beast (D:9)
  A necrophage (D:5)
  7 orc warriors
  3 phantoms
  3 wolves (D:10)
  9 ogres
  2 centaurs
  10 bullfrogs
  3 big kobolds (D:11)
  4 gnoll sergeants (D:11)
  A wyvern skeleton (D:7)
  A scorpion (D:4)
  3 killer bees
  17 wights
  2 bullfrog zombies
  A centaur zombie (D:7)
  6 crimson imps
  6 orc priests
  4 jellies
  2 bullfrog skeletons
  Crazy Yiuf (D:7)
  A centaur skeleton (D:8)
  2 hounds (D:4)
  2 iguanas
  Ijyb (D:4)
  4 worker ants
  12 orc wizards
  A killer bee zombie (D:6)
  3 hound zombies
  5 gnolls
  A howler monkey skeleton (D:6)
  10 adders
  2 shadow imps
  5 oozes
  2 adder skeletons
  4 worms
  2 dart slugs (D:2)
  4 leopard geckos
  42 orcs
  6 ball pythons
  3 giant cockroaches
  11 goblins
  12 hobgoblins
  27 jackals
  7 kobolds
  4 quokkas
  5 bats
  7 frilled lizards
  A quokka skeleton (D:8)
  A quokka zombie (D:6)
  10 rats
324 creatures vanquished.

Vanquished Creatures (others)
  A plant (D:11)
1 creature vanquished.

Grand Total: 325 creatures vanquished

Notes
Turn   | Place    | Note
-------+----------+-------------------------------------------
     0 | D:1      | galech the Demonspawn Fighter began the quest for the Orb.
     0 | D:1      | Reached XP level 1. HP: 18/18 MP: 1/1
   227 | D:1      | Gained mutation: You are surrounded by a mild repulsion
                  | field. (EV +2) [demonic ancestry]
   227 | D:1      | Reached XP level 2. HP: 20/24 MP: 2/2
   262 | D:1      | You fall through a shaft!
   292 | D:2      | Reached skill level 2 in Axes
   389 | D:1      | Gained mutation: Your flesh is heat resistant. (rF+)
                  | [demonic ancestry]
   389 | D:1      | Reached XP level 3. HP: 29/29 MP: 3/3
  1270 | D:2      | Gained mutation: When hurt, damage is shared between your
                  | health and your magic reserves. [demonic ancestry]
  1270 | D:2      | Reached XP level 4. HP: 29/35 MP: 4/4
  1398 | D:2      | Found a sparkling altar of Nemelex Xobeh.
  1399 | D:2      | Found an ornate altar of the Wu Jian Council.
  2179 | D:3      | Reached skill level 3 in Axes
  2500 | D:3      | Found a white marble altar of Elyvilon.
  2773 | D:4      | Noticed a phantom
  2803 | D:4      | Reached skill level 1 in Dodging
  2803 | D:4      | Reached XP level 5. HP: 16/41 MP: 3/5
  3314 | D:4      | Killed a phantom
  3314 | D:4      | Gained mutation: You regenerate magic rapidly. [demonic
                  | ancestry]
  3314 | D:4      | Reached XP level 6. HP: 33/47 MP: 4/6
  3508 | D:4      | Reached skill level 4 in Axes
  3640 | D:4      | Found an opulent altar of Gozag.
  3667 | D:4      | Noticed Edmund
  3693 | D:4      | Killed Edmund
  3955 | D:4      | Noticed Ijyb
  3978 | D:4      | Killed Ijyb
  4285 | D:5      | Entered Level 5 of the Dungeon
  4323 | D:5      | Reached XP level 7. HP: 47/53 MP: 7/7
  4399 | D:5      | Reached skill level 5 in Axes
  4416 | D:5      | Found a staircase to the Ecumenical Temple.
  4433 | Temple   | Entered the Ecumenical Temple
  4673 | D:5      | Found an ancient bone altar of Kikubaaqudgha.
  4762 | D:5      | Noticed Sigmund
  4783 | D:5      | Killed Sigmund
  5089 | D:5      | Found an iron altar of Okawaru.
  5091 | D:5      | Found a basalt altar of Yredelemnul.
  5094 | D:5      | Became a worshipper of Warmaster Okawaru
  5141 | D:5      | Gained mutation: You have large cloven feet. [demonic
                  | ancestry]
  5141 | D:5      | Reached XP level 8. HP: 51/61 MP: 8/8
  5225 | D:5      | Noticed Eustachio
  5245 | D:5      | Killed Eustachio
  5245 | D:5      | Reached skill level 6 in Axes
  5245 | D:5      | Reached skill level 5 in Shields
  6414 | D:6      | Reached * piety under Okawaru
  6892 | D:7      | Found Poemin's Magic Scroll Emporium.
  6980 | D:7      | Reached skill level 7 in Axes
  7018 | D:7      | Reached skill level 5 in Armour
  7023 | D:7      | Reached XP level 9. HP: 12/67 MP: 3/9
  7294 | D:7      | Found a runed translucent door.
  7295 | D:7      | Noticed Crazy Yiuf
  7408 | D:7      | Reached ** piety under Okawaru
  7535 | D:7      | Reached skill level 5 in Fighting
  7537 | D:7      | Reached skill level 8 in Axes
  7910 | D:7      | Found a runed translucent door.
  7911 | D:7      | Noticed p0werm0de's ghost (novice DsSk)
  7974 | D:7      | Killed p0werm0de's ghost
  8174 | D:7      | Killed Crazy Yiuf
  8303 | D:8      | Found a sand-covered staircase.
  8303 | D:8      | You fall through a shaft for 3 floors!
  8309 | D:10     | Entered Level 10 of the Dungeon
  8365 | D:10     | Reached *** piety under Okawaru
  8365 | D:10     | Reached skill level 9 in Axes
  8378 | D:10     | Noticed Grum
  8386 | D:10     | Killed Grum
  8453 | D:10     | Gained mutation: You have hoof-like feet. [demonic
                  | ancestry]
  8453 | D:10     | Reached XP level 10. HP: 48/76 MP: 8/10
  8571 | D:10     | Noticed Maurice
  8586 | D:10     | Reached **** piety under Okawaru
  8683 | D:10     | Reached skill level 10 in Axes
  9387 | D:8      | Noticed a two-headed ogre
  9406 | D:8      | Killed a two-headed ogre
  9682 | D:8      | Reached ***** piety under Okawaru
  9920 | D:8      | Found a shimmering altar of Xom.
 10000 | D:8      | Received a gift from Okawaru
 10003 | D:8      | Got a dazzling dire flail {god gift}
 10011 | D:8      | Identified the +8 dire flail of Cruel Justice {venom, +Rage
                  | rN+} (Okawaru gifted it to you on level 8 of the Dungeon)
 10340 | D:9      | Reached XP level 11. HP: 83/83 MP: 11/11
 10351 | D:9      | Found a stormy altar of Qazlal.
 10372 | D:9      | Noticed a two-headed ogre
 10388 | D:9      | Killed a two-headed ogre
 10406 | D:9      | Reached skill level 11 in Axes
 11073 | D:10     | Found a shimmering altar of Xom.
 11088 | D:10     | Identified the Handbook of Twisted Earth
 11135 | D:10     | Killed Maurice
 11257 | D:10     | Noticed Joseph
 11277 | D:10     | Killed Joseph
 11277 | D:10     | Reached skill level 1 in Stealth
 11298 | D:10     | Noticed Sonja
 11746 | D:10     | Noticed an unseen horror
 11765 | D:10     | Killed Sonja
 11765 | D:10     | Killed an unseen horror
 11765 | D:10     | Received a gift from Okawaru
 11765 | D:10     | Reached skill level 1 in Invocations
 11775 | D:10     | Identified a +1 pair of boots of running (Okawaru gifted it
                  | to you on level 10 of the Dungeon)
 11995 | D:10     | Found Qinoskov's Antique Weapon Shop.
 12147 | D:11     | Found a shadowy altar of Dithmenos.
 12252 | D:11     | Noticed a brown ugly thing
 12277 | D:11     | Killed a brown ugly thing
 12306 | D:11     | Found a staircase to the Orcish Mines.
 12785 | D:11     | Noticed an oklob plant
 12788 | D:11     | Found a staircase to the Lair.
 13436 | Orc:1    | Entered Level 1 of the Orcish Mines
 13483 | Orc:1    | Noticed an orc knight
 13533 | D:11     | Killed an orc knight
 13533 | D:11     | Reached skill level 12 in Axes
 13822 | Orc:1    | Noticed Jorgrun
 14068 | D:11     | Slain by Jorgrun

Levels and vault maps discovered:
D:1:      dpeg_arrival_simpleton_b, layout_loops_ring, chequers_decorated_corner
D:2:      layout_basic, gammafunk_temple_overflow_statue, minmay_pentomino_r2
D:3:      layout_rooms, overflow_temple_1_default, roderic_lattice_a
D:4:      layout_loops_ring, nicolae_gozag_seed_capital, first_ration,
          uniq_edmund, uniq_ijyb
D:5:      layout_basic, grunt_temple_overflow_open, minmay_temple_entry_waves,
          minmay_parallelograms, uniq_eustachio, uniq_sigmund
D:6:      layout_cave_pools
D:7:      layout_loops_corners, ebering_ghost_inner_flame, serial_shops, shop,
          uniq_crazy_yiuf_cottage
D:8:      layout_cave_pods, basic_altar, nicolae_ossuary_entry_monument
D:9:      layout_irregular_city, serial_column_ruins, column_ruins_grid_4,
          column_ruins_grid_2, column_ruins_columns_corner, column_ruins_grid_2,
          column_ruins_columns_corner, column_ruins_columns_straight,
          column_ruins_columns_water, basic_altar
D:10:     layout_roguey, serial_shops, shop, basic_altar, uniq_maurice,
          uniq_joseph, uniq_sonja, uniq_grum
D:11:     layout_stronghold, dpeg_oklobed_lair,
          kennysheep_orc_monster_closet_entryway, basic_altar
Temple:   regret_index_temple_generic_petals
Orc:1:    layout_caves, nicolae_orc_crystal_geode, uniq_jorgrun, uniq_urug

Skill      XL: |  1  2  3  4  5  6  7  8  9 10 11 |
---------------+----------------------------------+-----
Shields        | 3 4 5 6 7 8 |  8.2
Armour         | 3 4 5 6 7 |  7.2
Axes           | 2 3 4 5 7 9 10 12 | 12.0
Dodging        | 1 2 3 4 |  4.4
Fighting       | 4 6 8 |  8.1
Stealth        | 1 |  1.0
Invocations    | 1 |  1.2

Action                   |  1- 3 |  4- 6 |  7- 9 | 10-12 || total
-------------------------+-------+-------+-------+-------++-------
Melee: War axe           |   136 |   266 |   433 |   664 ||  1499
       Kick              |       |       |   106 |   157 ||   263
Invok: Heroism           |       |       |     1 |    12 ||    13
  Use: Potion            |       |     4 |     1 |     5 ||    10
       Scroll            |       |       |     9 |     6 ||    15
  Eat: Chunk             |     1 |     7 |    14 |    21 ||    43
       Ration            |       |     1 |       |       ||     1
Armor: Scale mail        |    58 |     7 |    53 |   195 ||   313
       Chain mail        |       |   105 |   137 |       ||   242
Dodge: Dodged            |    52 |    73 |   148 |   279 ||   552
Block: Shield            |    77 |   127 |   244 |   372 ||   820

Table legend:
 A = Non-vault XP
 B = Vault XP
 C = Vault XP percentage of total XP
 D = Non-vault monster count
 E = Vault monster count
 F = Vault count percentage of total count
                 A         B        C        D         E       F
            +---------+---------+-------+---------+---------+-------
      Total |   15827 |    5240 |  24.9 |     290 |      34 |  10.5
            +---------+---------+-------+---------+---------+-------
        D:1 |      36 |       0 |   0.0 |      18 |       0 |   0.0
        D:2 |      78 |       3 |   3.7 |      30 |       1 |   3.2
        D:3 |      63 |       0 |   0.0 |      19 |       0 |   0.0
        D:4 |     320 |     193 |  37.6 |      18 |       2 |  10.0
        D:5 |     623 |     416 |  40.0 |      23 |       2 |   8.0
        D:6 |     451 |       0 |   0.0 |      18 |       0 |   0.0
        D:7 |    1283 |     873 |  40.5 |      38 |       3 |   7.3
        D:8 |    2666 |       0 |   0.0 |      29 |       0 |   0.0
        D:9 |    2185 |       0 |   0.0 |      24 |       0 |   0.0
       D:10 |    4889 |    2283 |  31.8 |      46 |       7 |  13.2
       D:11 |    2944 |    1472 |  33.3 |      24 |      19 |  44.2
      Orc:1 |     289 |       0 |   0.0 |       3 |       0 |   0.0
            +---------+---------+-------+---------+---------+-------
